 Dungeon Crawl Stone Soup version 0.26.1-2-gb8aa6d0cf2 (webtiles) character file.

Game seed: 17299212886903048887

113744 Ladykiller69 the Fencer (level 16, -2/147 HPs)
             Began as a Minotaur Gladiator on Mar 19, 2021.
             Was the Champion of Wu Jian.
             Shot with a bolt by a naga sharpshooter (9 damage)
             ... on level 1 of the Snake Pit.
             The game lasted 01:23:37 (33838 turns).

Ladykiller69 the Fencer (Minotaur Gladiator)       Turns: 33838, Time: 01:23:40

Health: -2/147     AC: 17    Str: 24    XL:     16   Next: 14%
Magic:  15/15      EV: 18    Int:  9    God:    Wu Jian [******]
Gold:   2896       SH:  0    Dex: 14    Spells: 15/15 levels left

rFire    + . .     SeeInvis .   a - +1 great sword (flame)
rCold    . . .     Faith    .   (shield currently unavailable)
rNeg     . . .     Spirit   .   f - +0 fire dragon scales
rPois    +         Reflect  +   c - +0 hat
rElec    .         Harm     .   L - scarf {repulsion}
rCorr    .         Rampage  .   I - +3 pair of gauntlets of War {Slay+5}
Will     ++...                  (no boots)
Stlth    ..........             V - amulet of reflection
HPRegen  0.34/turn              r - ring of willpower
MPRegen  0.14/turn              H - ring of Spring {Ice rPois Int+4}

@: confused, lethally poisoned (-2 -> -3), repel missiles
A: retaliatory headbutt, horns 2, blurry vision 1, subdued magic 1
a: Renounce Religion, Wall Jump, Serpent's Lash, Heavenly Storm


You were on level 1 of the Snake Pit.
You worshipped Wu Jian.
Wu Jian was exalted by your worship.
You visited 5 branches of the dungeon, and saw 25 of its levels.
You also visited: Gauntlet and Volcano.

You collected 3142 gold pieces.
You spent 246 gold pieces at shops.

Inventory:

Hand Weapons
 a - a +1 great sword of flaming (weapon)
 Q - the +6 scimitar of Success {vorpal, rPois rC+}
   (You bought it in a shop on level 9 of the Dungeon)

   It inflicts extra damage upon your enemies.
   It protects you from cold.
   It protects you from poison.
Missiles
 d - 4 throwing nets
 j - 2 atropa-tipped darts
 N - 60 poisoned darts (quivered)
 U - 4 silver javelins
Armour
 c - a +0 hat (worn)
 f - +0 fire dragon scales (worn)
 I - the +3 pair of gauntlets of War (worn) {Slay+5}
   (You found it in a Gauntlet)

   It affects your accuracy and damage with ranged weapons and melee attacks
   (+5).
 L - a scarf of repulsion (worn)
Jewellery
 r - a ring of willpower (left hand)
 H - the ring of Spring (right hand) {Ice rPois Int+4}
   (You found it in a Gauntlet)

   [ring of ice]

   It enhances your ice magic.
   It affects your intelligence (+4).
   It makes you vulnerable to fire.
   It protects you from cold.
   It protects you from poison.
 J - a +6 ring of intelligence
 S - an uncursed ring of ice
 V - an amulet of reflection (around neck)
 W - an uncursed ring of ice
Wands
 w - a wand of digging (12)
 B - a wand of disintegration (10)
 M - a wand of acid (10)
 O - a wand of iceblast (9)
 T - a wand of flame (21)
Scrolls
 b - 2 scrolls of enchant armour
 e - 12 scrolls of remove curse
 g - 10 scrolls of teleportation
 h - 7 scrolls of enchant weapon
 i - a scroll of brand weapon
 l - 5 scrolls of fear
 m - 5 scrolls of magic mapping
 s - 10 scrolls of amnesia
 t - 4 scrolls of immolation
 u - 8 scrolls of identify
 y - 2 scrolls of blinking
 C - 7 scrolls of fog
 E - 2 scrolls of silence
 F - 4 scrolls of noise
Potions
 k - 4 potions of flight
 n - 6 potions of lignification
 o - 3 potions of attraction
 p - 6 potions of curing
 v - 2 potions of magic
 x - 7 potions of degeneration
 z - 3 potions of might
 A - 7 potions of mutation
 D - 7 potions of heal wounds
 G - 2 potions of invisibility
 K - 7 potions of haste
 P - 6 potions of cancellation
 R - 2 potions of brilliance
 Y - 4 potions of berserk rage
 Z - 11 potions of ambrosia
Miscellaneous
 X - a condenser vane (inert)


   Skills:
 + Level 14.5 Fighting
 - Level 20.0 Long Blades
 + Level 9.8 Throwing
 + Level 14.3 Armour
 + Level 13.7 Dodging


You had 15 spell levels left.
You didn't know any spells.
Your spell library contained the following spells:

 Spells                   Type           Power        Failure   Level
 Corona                   Hex            0%           61%         1
 Sandblast                Erth           0%           61%         1
 Shock                    Conj/Air       0%           61%         1
 Ensorcelled Hibernation  Hex/Ice        0%           77%         2
 Passwall                 Tmut/Erth      0%           77%         2
 Swiftness                Air            0%           77%         2
 Confusing Touch          Hex            0%           94%         3
 Dazzling Flash           Conj/Hex       0%           94%         3
 Gell's Gravitas          Tloc           0%           94%         3
 Portal Projectile        Hex/Tloc       0%           94%         3
 Static Discharge         Conj/Air       0%           94%         3
 Stone Arrow              Conj/Erth      0%           94%         3
 Tukima's Dance           Hex            0%           94%         3
 Airstrike                Air            0%           100%        4
 Cause Fear               Hex            0%           100%        4
 Fulminant Prism          Conj/Hex       0%           100%        4
 Petrify                  Tmut/Erth      0%           100%        4
 Lee's Rapid Deconstruct  Erth           0%           100%        5
 Lightning Bolt           Conj/Air       0%           100%        5
 Metabolic Englaciation   Hex/Ice        0%           100%        5
 Silence                  Hex/Air        0%           100%        5
 Yara's Violent Unravell  Hex/Tmut       0%           100%        5
 Statue Form              Tmut/Erth      0%           100%        6
 Discord                  Hex            0%           100%        8


Dungeon Overview and Level Annotations

Branches:
Dungeon (15/15)            Temple (1/1) D:4            Lair (6/6) D:9
 Shoals (0/4) Lair:3        Snake (1/4) Lair:3        Slime (0/5) Lair:6
    Orc (2/2) D:9             Elf (0/3) Orc:2        Vaults (0/5) D:13
 Depths (0/5) D:15        Volcano (visited)         Gauntlet (visited)

Altars:
Ashenzari
Cheibriados
Dithmenos
Elyvilon
Fedhas
Gozag
Hepliaklqana
Kikubaaqudgha
Makhleb
Nemelex Xobeh
Okawaru
Qazlal
Ru
Sif Muna
Trog
Uskayaw
Vehumet
Wu Jian
Xom
Yredelemnul
Zin
The Shining One
Beogh
Jiyva

Shops:
D:6 (   D:9 (   D:11 ?   D:15 (   Orc:1 }   Orc:2 !:=(

Annotations:
D:2 1 runed translucent door, Crazy Yiuf
Lair:4 1 runed translucent door, Domino's ghost, journeyman MiBe
Lair:5 exclusions: bush and 2 oklob plants


Innate Abilities, Weirdness & Mutations

You reflexively headbutt those who attack you in melee.
You have a pair of horns on your head.
Scrolls take you a little longer to read.
Your spells are a little easier to cast, but a little less powerful.


Message History

You feel invigorated. The naga warrior misses you.
* * * LOW HITPOINT WARNING * * *
The naga warrior constricts you. The naga closely misses you.
The naga spits poison at you.
The splash of poison is repelled.
You slice the naga warrior!! You burn the naga warrior.
You headbutt the naga warrior.
You kill the naga warrior!
The Council accepts your kill.
You feel sick.
The naga sharpshooter mumbles some strange words.
The naga sharpshooter magically shoots a bolt.
The bolt misses you. The naga hits you with a +0 glaive!
* * * LOW HITPOINT WARNING * * *
The naga misses you. x2
The naga sharpshooter gestures wildly while chanting.
The naga sharpshooter magically shoots a bolt.
The bolt hits you!
You die...

#. #..# # . #.######...
.# . #(.......#.##
##.#####.
#.......##..###........
#.......###.(†...# #.<.
#.....§☼##.)####.# #.##
#.....§§N§).)# #.###.#
#.....(☼####(# #.##..##
#.....@N# #.###.##.#..
#.....N§# #..##.#.....
#.......#####)#......(.
#..§§§..#....)......##+
####§####.###..)....#
#☼ #...$/..+ #.
#.......# .. #........#
#........#


You could see a naga sharpshooter and 2 nagas.

Vanquished Creatures
  Agnes (D:15)
  Frances (D:13)
  2 orc warlords (Orc:2)
  A stone giant (Orc:1)
  4 dire elephants (Lair:6)
  A minotaur (Gauntlet)
  A death ooze (Gauntlet)
  An ettin (Orc:1)
  A yaktaur captain (D:15)
  3 boulder beetles
  3 vault guards (D:13)
  Fannar (D:10)
  4 naga warriors (Snake:1)
  7 hydras
  A death knight (D:13)
  2 catoblepae
  5 centaur warriors
  An anaconda (Lair:6)
  4 two-headed ogres
  10 death yaks
  A tengu warrior (D:14)
  4 orc high priests (Orc:2)
  7 skeletal warriors
  4 unseen horrors
  A lindwurm (Lair:2)
  Pikel (D:4)
  7 orc knights
  An anaconda skeleton (Volcano)
  5 orc sorcerers (Orc:2)
  2 salamanders (Snake:1)
  2 merfolk sirens (Lair:3)
  4 elephants (Lair:6)
  3 ugly things
  2 manticores
  2 cyclopes
  6 gargoyles
  7 black mambas
  Maurice (Orc:2)
  2 guardian serpents (Snake:1)
  2 naga magi (Snake:1)
  13 cane toads
  Psyche (D:9)
  Maggie (D:9)
  A yaktaur (D:15)
  7 rime drakes
  A komodo dragon (Lair:4)
  An efreet (D:13)
  2 queen bees
  A harpy zombie (D:15)
  2 polar bears
  8 trolls
  6 meliai
  A polar bear (shapeshifter) (D:15)
  3 wolf spider simulacra (Gauntlet)
  2 merfolk (Lair:3)
  A harpy skeleton (Volcano)
  10 blink frogs
  A centaur simulacrum (Gauntlet)
  5 slime creatures
  A meliai zombie (D:14)
  An alligator skeleton (Volcano)
  3 flying skulls (Volcano)
  2 shadows
  9 humans (D:13)
  7 wyverns (Lair:5)
  A vampire (D:14)
  4 wraiths
  40 yaks
  Grum (D:9)
  8 basilisks
  2 vampire mosquitoes (D:15)
  Menkaure (D:7)
  Edmund (D:5)
  8 nagas
  4 wargs
  2 soldier ants (D:11)
  A hell hound (Lair:5)
  18 water moccasins
  40 orc warriors
  2 ice beasts
  7 sky beasts
  An eye of draining (D:12)
  A black bear (Lair:2)
  19 wolves
  12 ogres
  An ice dragon simulacrum (Gauntlet)
  33 centaurs
  2 lemures
  5 big kobolds
  12 bullfrogs
  2 wyvern skeletons
  7 scorpions
  A water moccasin skeleton (D:5)
  37 killer bees
  2 electric eels (Lair:4)
  14 wights
  8 howler monkeys
  A spriggan skeleton (Volcano)
  A vampire bat (Lair:3)
  3 bullfrog zombies
  10 hounds
  4 jellies
  A centaur skeleton (D:10)
  2 centaur zombies
  2 quasits
  27 orc priests
  A bullfrog skeleton (D:12)
  A gnoll shaman (D:6)
  3 iguanas
  26 orc wizards
  Natasha (thrice) (D:2)
  Terence (D:2)
  7 worker ants
  6 hell rats (Lair:5)
  A naga skeleton (Volcano)
  A hound zombie (D:6)
  A hound skeleton (D:7)
  A worker ant zombie (D:11)
  10 adders
  8 gnolls
  7 shadow imps
  2 white imps
  An ufetubus (D:8)
  An ooze (D:2)
  2 adder skeletons
  3 adder zombies
  3 worms
  12 dart slugs
  3 leopard geckos
  119 orcs
  5 giant cockroaches
  A goblin (D:2)
  3 hobgoblins
  4 jackals (D:3)
  4 quokkas
  13 bats
  3 frilled lizards
  39 kobolds
  A leopard gecko skeleton (D:7)
  2 quokka skeletons
  9 rats
863 creatures vanquished.

Vanquished Creatures (others)
  A naga (Snake:1)
  2 bushes (Lair:5)
  48 fungi
  86 plants
  15 withered plants
152 creatures vanquished.

Grand Total: 1015 creatures vanquished

Notes
Turn   | Place    | Note
-------+----------+-------------------------------------------
     0 | D:1      | Ladykiller69 the Minotaur Gladiator began the quest for the
                  | Orb.
     0 | D:1      | Reached XP level 1. HP: 18/18 MP: 0/0
   125 | D:1      | Reached XP level 2. HP: 25/25 MP: 1/1
   239 | D:1      | Reached skill level 4 in Long Blades
   578 | D:2      | Found a snail-covered altar of Cheibriados.
   676 | D:2      | Reached skill level 1 in Armour
  1101 | D:2      | Noticed Natasha
  1104 | D:2      | Noticed a crimson imp
  1106 | D:2      | Killed Natasha
  1107 | D:2      | Reached XP level 3. HP: 31/31 MP: 2/2
  1204 | D:2      | Found a faded altar of an unknown god.
  1390 | D:2      | Found a runed translucent door.
  1391 | D:2      | Noticed Crazy Yiuf
  1562 | D:2      | Noticed Natasha
  1567 | D:2      | Killed Natasha
  1568 | D:2      | Reached XP level 4. HP: 33/38 MP: 3/3
  1576 | D:2      | Noticed Natasha
  1580 | D:2      | Killed Natasha
  1581 | D:2      | Reached skill level 5 in Long Blades
  1663 | D:2      | Noticed Terence
  1671 | D:2      | Killed Terence
  1672 | D:2      | Reached XP level 5. HP: 45/45 MP: 4/4
  2174 | D:3      | Found a shadowy altar of Dithmenos.
  2187 | D:3      | Found a broken altar of Ashenzari.
  2255 | D:3      | Found a burning altar of Makhleb.
  2257 | D:3      | Found a blossoming altar of Fedhas.
  2486 | D:3      | Found an opulent altar of Gozag.
  2527 | D:3      | Found a glowing silver altar of Zin.
  2642 | D:4      | Found a white marble altar of Elyvilon.
  2679 | D:4      | Found a shimmering blue altar of Sif Muna.
  2752 | D:4      | Got an ichor-stained ring mail
  2763 | D:4      | Identified the +0 ring mail of the Morning {Harm Int+3}
                  | (You found it on level 4 of the Dungeon)
  2832 | D:4      | Noticed a lemure
  2832 | D:4      | Noticed a lemure
  2836 | D:4      | Noticed Pikel
  2843 | D:4      | Killed a lemure
  2858 | D:3      | Killed a lemure
  3086 | D:4      | Noticed a lemure
  3087 | D:4      | Noticed a lemure
  3170 | D:4      | Killed Pikel
  3171 | D:4      | Reached skill level 7 in Long Blades
  3171 | D:4      | Reached skill level 5 in Dodging
  3171 | D:4      | Reached XP level 6. HP: 37/55 MP: 5/5
  3171 | D:4      | Reached XP level 7. HP: 40/60 MP: 6/6
  3520 | D:4      | Found a staircase to the Ecumenical Temple.
  3636 | Temple   | Entered the Ecumenical Temple
  4142 | D:5      | Entered Level 5 of the Dungeon
  4159 | D:5      | Reached skill level 5 in Fighting
  4326 | D:5      | Reached skill level 8 in Long Blades
  4326 | D:5      | Reached XP level 8. HP: 38/69 MP: 7/7
  4762 | D:5      | Found an ornate altar of the Wu Jian Council.
  4762 | D:5      | Found a shimmering altar of Xom.
  4762 | D:5      | Found an iron altar of Okawaru.
  4768 | D:5      | Became a worshipper of the Wu Jian Council
  4842 | D:5      | Noticed Edmund
  4873 | D:5      | Killed Edmund
  4874 | D:5      | Reached skill level 5 in Armour
  5806 | D:6      | Found a hazy altar of Hepliaklqana.
  5946 | D:6      | Reached skill level 9 in Long Blades
  6117 | D:6      | Found Xino's Antique Weapon Shoppe.
  6402 | D:6      | Reached * piety under Wu Jian
  6656 | D:7      | Reached XP level 9. HP: 45/78 MP: 8/8
  6818 | D:7      | Noticed Menkaure
  6824 | D:7      | Killed Menkaure
  7333 | D:7      | Reached skill level 10 in Long Blades
  8397 | D:8      | Reached ** piety under Wu Jian
  8474 | D:8      | Found a broken altar of Ashenzari.
  9116 | D:8      | Reached skill level 11 in Long Blades
  9757 | D:9      | Noticed Maggie
  9779 | D:9      | Killed Maggie
 10075 | D:9      | Reached XP level 10. HP: 82/88 MP: 9/9
 10333 | D:9      | HP: 6/132 [something (7)]
 10339 | D:9      | Killed an unseen horror
 10631 | D:9      | Reached *** piety under Wu Jian
 10768 | D:9      | Found a staircase to the Lair.
 10768 | D:9      | Noticed Psyche
 10812 | D:9      | Found Ohurhami's Antique Weapon Shop.
 10821 | D:9      | Bought a crude scimitar for 216 gold pieces
 10821 | D:9      | Identified the +6 scimitar of Success {vorpal, rPois rC+}
                  | (You bought it in a shop on level 9 of the Dungeon)
 10853 | D:9      | Found a staircase to the Orcish Mines.
 10853 | D:9      | Noticed Grum
 10861 | D:9      | Killed Grum
 10867 | D:9      | Reached skill level 12 in Long Blades
 10991 | D:9      | Killed Psyche
 11252 | Orc:1    | Entered Level 1 of the Orcish Mines
 11287 | Orc:1    | Found Mithro's Gadget Boutique.
 11317 | Orc:1    | Noticed a stone giant
 11330 | Orc:1    | Killed a stone giant
 11496 | Orc:1    | Found a roughly hewn altar of Beogh.
 11534 | Orc:1    | You fall into a shaft and drop 1 floor!
 11534 | Orc:2    | Entered Level 2 of the Orcish Mines
 11606 | Orc:2    | Found a staircase to the Elven Halls.
 11643 | Orc:2    | Noticed an orc sorcerer
 11643 | Orc:2    | Noticed an orc sorcerer
 11657 | Orc:2    | Reached XP level 11. HP: 67/97 MP: 10/10
 11657 | Orc:2    | Killed an orc sorcerer
 11658 | Orc:2    | Reached skill level 13 in Long Blades
 11662 | Orc:2    | Killed an orc sorcerer
 12039 | Orc:2    | Noticed a two-headed ogre
 12048 | Orc:2    | Killed a two-headed ogre
 12050 | Orc:2    | Reached **** piety under Wu Jian
 12353 | Orc:2    | Reached skill level 10 in Fighting
 12652 | Orc:2    | Noticed an orc knight
 12667 | Orc:2    | Killed an orc knight
 12906 | Orc:2    | Noticed an orc sorcerer
 12909 | Orc:2    | Killed an orc sorcerer
 13133 | D:10     | Entered Level 10 of the Dungeon
 13189 | D:10     | Reached skill level 14 in Long Blades
 13570 | D:10     | Noticed Fannar
 13586 | D:10     | Killed Fannar
 13587 | D:10     | Reached skill level 10 in Armour
 13675 | D:10     | Reached skill level 10 in Dodging
 13879 | D:10     | Reached ***** piety under Wu Jian
 13935 | D:10     | Noticed an orc knight
 13954 | D:10     | Killed an orc knight
 14171 | D:10     | Reached XP level 12. HP: 108/108 MP: 11/11
 14341 | D:11     | Found Congan's Magic Scroll Boutique.
 14378 | D:11     | Bought a scroll of fog for 30 gold pieces
 14657 | D:11     | Identified a scroll of acquirement
 14878 | D:11     | Noticed a four-headed hydra
 15194 | D:11     | Killed a one-headed hydra
 15718 | D:12     | Reached skill level 15 in Long Blades
 17019 | D:13     | Noticed a vault guard
 17039 | D:13     | Noticed a vault guard
 17045 | D:13     | Killed a vault guard
 17054 | D:13     | Killed a vault guard
 17069 | D:13     | Noticed a vault guard
 17078 | D:13     | Killed a vault guard
 17090 | D:13     | Found a gate to the Vaults.
 17321 | D:13     | Noticed a two-headed ogre
 17329 | D:13     | Killed a two-headed ogre
 17330 | D:13     | Reached skill level 5 in Throwing
 17719 | D:13     | Noticed a death knight
 17725 | D:13     | Noticed a two-headed ogre
 17752 | D:13     | Killed a two-headed ogre
 17753 | D:13     | Reached XP level 13. HP: 105/117 MP: 12/12
 17991 | D:13     | Noticed Frances
 18168 | Lair:1   | Entered Level 1 of the Lair of Beasts
 18278 | Lair:1   | You fall into a shaft and drop 1 floor!
 18281 | Lair:2   | Reached skill level 16 in Long Blades
 18373 | Lair:2   | Found a radiant altar of Vehumet.
 18620 | Lair:2   | Found a dark tunnel.
 18629 | Volcano  | Entered a volcano
 20527 | Lair:3   | Found a staircase to the Shoals.
 20589 | Lair:3   | Reached skill level 17 in Long Blades
 20631 | Lair:3   | Found a staircase to the Snake Pit.
 21698 | Lair:4   | Reached skill level 18 in Long Blades
 22043 | Lair:4   | Found a runed translucent door.
 22047 | Lair:4   | Noticed Domino's ghost (journeyman MiBe)
 22695 | Lair:5   | Reached XP level 14. HP: 87/126 MP: 13/13
 23473 | Lair:5   | Reached skill level 19 in Long Blades
 24195 | Lair:5   | Reached ****** piety under Wu Jian
 24488 | Lair:5   | Reached skill level 20 in Long Blades
 24593 | Lair:5   | Acquired the +7 chain mail of the Hippo {Harm *Slow rPois
                  | rCorr}
 24594 | Lair:5   | Acquired 930 gold pieces
 24946 | Lair:6   | Entered Level 6 of the Lair of Beasts
 24946 | Lair:6   | Found a viscous altar of Jiyva.
 24946 | Lair:6   | Found a staircase to the Slime Pits.
 26698 | Orc:2    | Found a roughly hewn altar of Beogh.
 26840 | Orc:2    | Noticed an orc warlord
 26863 | Orc:2    | Killed an orc warlord
 26991 | Orc:2    | Found Foefuimei's Distillery.
 27068 | Orc:2    | Found Eloibbo's Book Shoppe.
 27664 | Orc:2    | Noticed an orc warlord
 27933 | Orc:2    | Noticed Maurice
 27945 | Orc:2    | Killed Maurice
 27951 | Orc:2    | Reached XP level 15. HP: 124/134 MP: 14/14
 27951 | Orc:2    | Found Kon Othun's Jewellery Emporium.
 27951 | Orc:2    | Gained mutation: Your spells are a little easier to cast,
                  | but a little less powerful. [a neqoxec]
 27952 | Orc:2    | Gained mutation: Scrolls take you a little longer to read.
                  | [a neqoxec]
 28036 | Orc:2    | Found a roughly hewn altar of Beogh.
 28057 | Orc:2    | Found Lyoneni's Weapon Shoppe.
 28685 | Orc:2    | Killed an orc warlord
 29524 | D:13     | Killed Frances
 30568 | D:14     | Found a basalt altar of Yredelemnul.
 30635 | D:15     | Entered Level 15 of the Dungeon
 30876 | D:15     | Found a gate leading to a gauntlet.
 30884 | Gauntlet | Entered a Gauntlet
 30884 | Gauntlet | Found a transporter.
 30884 | Gauntlet | Found a transporter.
 31035 | Gauntlet | Found a transporter.
 31042 | Gauntlet | Found a transporter.
 31051 | Gauntlet | Found a transporter.
 31061 | Gauntlet | Found a transporter.
 31061 | Gauntlet | Found a transporter.
 31063 | Gauntlet | Found the +3 pair of gauntlets of War {Slay+5}
 31064 | Gauntlet | Found a transporter.
 31070 | Gauntlet | Found a transporter.
 31104 | Gauntlet | Found a transporter.
 31133 | Gauntlet | Found a transporter.
 31142 | Gauntlet | Found a transporter.
 31146 | Gauntlet | Found a large runed translucent door.
 31208 | Gauntlet | Found a transporter.
 31210 | Gauntlet | Found a large runed translucent door.
 31211 | Gauntlet | Found a large runed translucent door.
 31212 | Gauntlet | Found a large runed translucent door.
 31212 | Gauntlet | Found a runed translucent door.
 31212 | Gauntlet | Found a runed translucent door.
 31213 | Gauntlet | Found a large runed translucent door.
 31214 | Gauntlet | Found a large runed translucent door.
 31215 | Gauntlet | Found a large runed translucent door.
 31215 | Gauntlet | Found a large runed translucent door.
 31232 | Gauntlet | Found a runed translucent gate.
 31234 | Gauntlet | Identified the Compendium of Stones and Bewitchment
 31245 | Gauntlet | Got a heavily runed silver ring
 31256 | Gauntlet | Found a transporter.
 31256 | Gauntlet | Found a runed translucent gate.
 31257 | Gauntlet | Found a runed translucent gate.
 31422 | D:15     | Found Poegan's Weapon Boutique.
 31873 | D:15     | Identified the ring of Spring {Ice rPois Int+4} (You found
                  | it in a Gauntlet)
 32283 | D:15     | Noticed Agnes
 32291 | D:15     | Killed Agnes
 32768 | D:15     | Found a staircase to the Depths.
 33631 | Lair:6   | Reached XP level 16. HP: 130/147 MP: 15/15
 33775 | Snake:1  | Entered Level 1 of the Snake Pit
 33830 | Snake:1  | HP: 7/147 [naga warrior/+0 scimitar (2)]
 33835 | Snake:1  | HP: 4/147 [naga/+0 halberd (10)]
 33838 | Snake:1  | Shot with a bolt by a naga sharpshooter

Illustrated notes

Levels and vault maps discovered:
D:1:      dpeg_arrival_solitude, layout_basic
D:2:      layout_loops_corners, overflow_temple_1_default,
          chequers_ecumenical_altar_simple_redux, minmay_pentomino_z4,
          uniq_terence, uniq_natasha, uniq_crazy_yiuf_cottage
D:3:      layout_loops_ring, pdpol_temple_overflow_zin_treasury_gozag_greed,
          nicolae_overflow_hidden_temple, grunt_dithmenos_smoke, serial_undead,
          serial_undead_e, serial_undead_e, serial_undead_b, serial_undead_c
D:4:      layout_basic, elyvilon_altar_5, nicolae_overflow_crystal_walls,
          temple_green, kennysheep_path_1, minmay_misc_feat_pillars, uniq_pikel
D:5:      kennysheep_slugbush, layout_loops_ring,
          gammafunk_temple_overflow_forgotten, uniq_edmund
D:6:      layout_cave_pods, nzn_hepliaklqana_mist_gate, serial_shops,
          nicolae_shop_statue_plus
D:7:      layout_gridville, lightli_minifort, uniq_menkaure
D:8:      layout_loops_corners, serial_park_tiny_pond, lemuel_centaur_altar
D:9:      layout_roguey, dpeg_oklobed_lair, orc_0_dummy, serial_shops, shop,
          minmay_misc_feat_ornament, uniq_maggie, uniq_psyche, uniq_grum
D:10:     layout_grid_maze, kennysheep_generic_room_6, uniq_fannar
D:11:     layout_irregular_city, serial_shops, nicolae_shop_crystal,
          minmay_diced_spiral
D:12:     layout_basic, chequers_serial_rivers_room_b
D:13:     layout_loops_corners, ximxim_vaults_locker_room, uniq_frances
D:14:     layout_basic, minivault_27, yredelemnul_altar_generic
D:15:     grunt_enter_depths_snipers, layout_irregular_city,
          gauntlet_entry_generic, serial_shops, shop, serial_park_paths
          [serial_park_minivault_5x5_8], uniq_agnes
Temple:   chequers_temple_sunken
Lair:1:   layout_layer_cave, serial_forest, infiniplex_forest_clump_medium,
          infiniplex_forest_zigzag_2, infiniplex_forest_clump_curved,
          infiniplex_forest_lined_3, infiniplex_forest_lined_room_
Lair:2:   layout_roguey, nicolae_volcano_entry_vermiform, basic_altar,
          grunt_megastairs_1
Lair:3:   layout_regular_city, elwin_shoals_entry_stream,
          guppyfry_snake_entry_island, chequers_serial_rivers_small_b,
          roderic_batcave, serial_bayou_pond_a
Lair:4:   layout_cave_pods, gammafunk_ghost_grave, lookout_lair_type,
          st_stairs_10, nicolae_quartered_pool_super,
          chequers_serial_rivers_micro_c, serial_bayou_lake_a
Lair:5:   layout_roguey [special_room_bee], special_room
          [special_room_mythical_zoo], serial_bayou_shore_b,
          minmay_lair_oklob_chamber
Lair:6:   due_jungle_book, layout_gridlike, slime_altar_1,
          chequers_serial_rivers_micro_a
Snake:1:  layout_rooms, drop_trap, grunt_megastairs_4, uniq_aizul
Orc:1:    layout_caves, serial_shops, nicolae_shop_statue_plus, basic_altar
Orc:2:    pubby_orc_utopia, uniq_maurice

Skill      XL: |  1  2  3  4  5  6  7  8  9 10 11 12 13 14 15 |
---------------+----------------------------------------------+-----
Long Blades    | 4 5 7 8 9 11 12 14 15 18 20 | 20.0
Armour         | 1 2 4 6 7 9 10 11 12 14 | 14.3
Fighting       | 3 4 5 6 8 9 10 11 12 14 | 14.5
Dodging        | 4 5 6 7 9 10 11 12 13 | 13.7
Throwing       | 3 5 6 7 9 |  9.8

Action                   |  1- 3 |  4- 6 |  7- 9 | 10-12 | 13-15 | 16-18 || total
-------------------------+-------+-------+-------+-------+-------+-------++-------
Melee: Long sword        |    53 |    46 |       |       |       |       ||    99
       Headbutt          |     7 |    27 |    87 |   138 |   323 |    16 ||   598
       Falchion          |       |    56 |   365 |    85 |       |       ||   506
       Scimitar          |       |       |       |   575 |   546 |       ||  1121
       Battleaxe         |       |       |       |     4 |       |       ||     4
       Great sword       |       |       |       |       |   719 |    57 ||   776
Throw: Throwing net      |       |     1 |       |       |     1 |       ||     2
       Dart              |       |       |       |     9 |     1 |       ||    10
       Javelin           |       |       |       |       |     7 |       ||     7
Invok: Lunge             |       |       |    26 |    97 |   114 |    11 ||   248
       Whirlwind         |       |       |    15 |    57 |   247 |    16 ||   335
       Serpent's Lash    |       |       |       |     2 |       |     1 ||     3
       Heavenly Storm    |       |       |       |       |     1 |       ||     1
 Abil: Wall Jump         |       |       |       |       |       |     1 ||     1
Evoke: Wand              |       |       |       |       |     2 |       ||     2
       Condenser vane    |       |       |       |       |       |     1 ||     1
  Use: Potion            |       |       |       |     1 |     3 |     3 ||     7
       Scroll            |       |       |       |    25 |     9 |       ||    34
 Stab: Held in net/web   |       |     1 |       |       |       |       ||     1
       Sleeping          |       |       |       |     2 |     2 |       ||     4
       Distracted        |       |       |       |       |     1 |       ||     1
Armor: Fire dragon scale |    29 |    31 |   111 |       |    30 |    11 ||   212
       Steam dragon scal |       |       |     1 |    69 |   134 |       ||   204
       Skin              |       |       |       |    12 |       |       ||    12
Dodge: Dodged            |    32 |    55 |   162 |   285 |   573 |    49 ||  1156
       Repelled          |       |       |       |       |       |     8 ||     8
Block: Other             |       |       |       |    29 |   156 |    11 ||   196
       Reflection        |       |       |       |     5 |    10 |     3 ||    18
       Rpst.: Long sword |     9 |     8 |       |       |       |       ||    17
       Falchion          |       |     5 |    41 |     6 |       |       ||    52
       Scimitar          |       |       |       |    58 |    63 |       ||   121
       Great sword       |       |       |       |       |    74 |     4 ||    78
